[Event "World Junior U20 Girls 2018"]
[Site "Gebze"]
[Date "2018.09.07"]
[Round "3"]
[White "Nemcova, Karin"]
[Black "Sade, Defne"]
[Result "0-1"]
[ECO "C45"]
[WhiteElo "1990"]
[BlackElo "1826"]
[Annotator "NA"]
[PlyCount "38"]
[EventDate "2018.09.05"]
[EventType "swiss"]
[EventCountry "TUR"]
[SourceTitle "playchess.com"]
[Source "ChessBase"]
[SourceQuality "1"]
[TimeControl "40/5400+30:1800+30"]

1. e4 e5 2. Nf3 Nc6 3. d4 exd4 4. Nxd4 Bb4+ 5. c3 Bc5 6. Be3 Bb6 7. Nf5 g6 8. Bxb6 axb6 9. Ne3 Nf6 10. f3 O-O 11. c4 d5 12. cxd5 Nxe4 13. fxe4 Qh4+ 14. Kd2 Qxe4 15. Bd3 Qd4 16. Nc3 Nb4 17. Qe2 Re8 18. a3 Bg4 19. Qf2 Nxd3 0-1

[Event "World Junior U20 Girls 2018"]
[Site "Gebze"]
[Date "2018.09.07"]
[Round "3"]
[White "Ayan, Bengu Sena"]
[Black "Nassr, Lina"]
[Result "0-1"]
[ECO "A30"]
[WhiteElo "1976"]
[BlackElo "1854"]
[Annotator "NA"]
[PlyCount "187"]
[EventDate "2018.09.05"]
[EventType "swiss"]
[EventCountry "TUR"]
[SourceTitle "playchess.com"]
[Source "ChessBase"]
[SourceQuality "1"]
[TimeControl "40/5400+30:1800+30"]

1. d4 Nf6 2. c4 e6 3. Nc3 d5 4. Nf3 b6 5. cxd5 Nxd5 6. g3 Bb7 7. Bg2 Be7 8. O-O O-O 9. Re1 c5 10. e4 Nxc3 11. bxc3 cxd4 12. cxd4 Na6 13. Bb2 Rc8 14. a3 Bf6 15. Qe2 Nc7 16. Rad1 Qe8 17. Qd2 Qa4 18. Qd3 Rfd8 19. e5 Be7 20. Ng5 Bxg5 21. Bxb7 Rb8 22. Be4 g6 23. h4 Be7 24. h5 Kg7 25. Kg2 Qb5 26. Qd2 Nd5 27. hxg6 hxg6 28. Rh1 Rh8 29. Bc1 Qa5 30. Qb2 Nc3 31. Rde1 Nxe4 32. Rxe4 Rxh1 33. Kxh1 Qd5 34. f3 Qc4 35. Re1 Qd3 36. Qe2 Rh8+ 37. Kg2 Qxd4 38. Bb2 Qa4 39. Rc1 Bc5 40. Qd2 Qb5 41. Rd1 Be3 42. Qxe3 Qxb2+ 43. Qd2 Qxe5 44. Re1 Qf6 45. Qc1 Rh5 46. g4 Rc5 47. Qe3 Rc3 48. g5 Rc2+ 49. Kg3 Qc3 50. Qe4 Qc5 51. Re2 Rxe2 52. Qxe2 Qxg5+ 53. Kf2 Qc5+ 54. Kg2 e5 55. Qa6 b5 56. Qa5 Qb6 57. Qc3 Qd4 58. Qc7 e4 59. fxe4 Qxe4+ 60. Kg3 Qe3+ 61. Kh2 g5 62. Qd7 Qf4+ 63. Kg2 g4 64. Qxb5 g3 65. Qb2+ Qf6 66. Qc1 Qf2+ 67. Kh3 Kg6 68. Qc6+ Kg5 69. Qc1+ Qf4 70. Qa1 Qh4+ 71. Kg2 Qh2+ 72. Kf3 Qf2+ 73. Ke4 f5+ 74. Kd5 Qf3+ 75. Ke6 Qc6+ 76. Ke7 g2 77. Qg7+ Qg6 78. Qd4 Kh5 79. Qh8+ Kg4 80. Qd4+ f4 81. Qd1+ f3 82. Qd4+ Kg3 83. Qe5+ Kh4 84. Qf4+ Kh3 85. Qxf3+ Kh2 86. Qf4+ Qg3 87. Qh6+ Qh3 88. Qd2 Kh1 89. Qd5 Qxa3+ 90. Kf6 Qh3 91. Qa8 a5 92. Ke5 Kh2 93. Kf4 g1=Q 94. Ke5 0-1

[Event "World Junior U20 Girls 2018"]
[Site "Gebze"]
[Date "2018.09.07"]
[Round "3"]
[White "Celik, Eda"]
[Black "Catal, Uktenur"]
[Result "1/2-1/2"]
[ECO "A08"]
[WhiteElo "1970"]
[BlackElo "1809"]
[Annotator "NA"]
[PlyCount "114"]
[EventDate "2018.09.05"]
[EventType "swiss"]
[EventCountry "TUR"]
[SourceTitle "playchess.com"]
[Source "ChessBase"]
[SourceQuality "1"]
[TimeControl "40/5400+30:1800+30"]

1. e4 e6 2. d3 d5 3. Nd2 c5 4. Ngf3 Nc6 5. g3 g6 6. Bg2 Bg7 7. O-O Nge7 8. Re1 O-O 9. e5 Qc7 10. Qe2 g5 11. Nxg5 Qxe5 12. Qxe5 Bxe5 13. c3 Bg7 14. Nb3 b6 15. f4 a5 16. a4 Ba6 17. Bf1 Rfe8 18. Nf3 Ng6 19. Be3 e5 20. f5 Nge7 21. g4 d4 22. cxd4 exd4 23. Bg5 Nd5 24. Nbd2 h6 25. f6 Bf8 26. Bh4 Ne3 27. Nc4 Bxc4 28. dxc4 Nb4 29. Rac1 Rad8 30. g5 Nf5 31. Bf2 hxg5 32. Nxg5 Bh6 33. h4 Bxg5 34. hxg5 Ne3 35. Bxe3 dxe3 36. Rc3 Re5 37. Rexe3 Rxg5+ 38. Rg3 Rg6 39. Rce3 Rd6 40. Rxg6+ fxg6 41. Re7 Rxf6 42. Rb7 Kf8 43. Be2 Nc2 44. Bd3 Nd4 45. Kg2 Ne6 46. Kg3 Nf4 47. Be4 Ne2+ 48. Kg2 Re6 49. Bd5 Rf6 50. Bf3 Nf4+ 51. Kg3 Nd3 52. b3 Ne1 53. Be4 g5 54. Rb8+ Kg7 55. Rb7+ Kf8 56. Rb8+ Kg7 57. Rb7+ Kf8 1/2-1/2

[Event "World Junior U20 Girls 2018"]
[Site "Gebze"]
[Date "2018.09.07"]
[Round "3"]
[White "Vujcic, Milena"]
[Black "Pychova, Nela"]
[Result "1/2-1/2"]
[ECO "C42"]
[WhiteElo "1955"]
[BlackElo "2173"]
[Annotator "NA"]
[PlyCount "106"]
[EventDate "2018.09.05"]
[EventType "swiss"]
[EventCountry "TUR"]
[SourceTitle "playchess.com"]
[Source "ChessBase"]
[SourceQuality "1"]
[TimeControl "40/5400+30:1800+30"]

1. e4 e5 2. Nf3 Nf6 3. Nxe5 d6 4. Nf3 Nxe4 5. d4 d5 6. Bd3 Bd6 7. O-O O-O 8. c4 c6 9. Nc3 Nxc3 10. bxc3 dxc4 11. Bxc4 {[%emt 0:05:30] LiveBook: 165 Games} Bg4 12. Qd3 Bh5 13. Ne5 b5 14. Qh3 Bxe5 $11 15. dxe5 bxc4 16. Qxh5 Qa5 17. Qe2 Qxc3 18. Bb2 Qd3 19. Qxd3 cxd3 20. Rfd1 Rd8 21. Rac1 Rd5 22. Rc3 Rxe5 23. Rcxd3 Re8 24. Rd8 Na6 25. Rxa8 Rxa8 26. Rd6 Rc8 27. Rd7 Nc7 28. Be5 Nd5 29. Rxa7 f6 30. Bd6 c5 31. Ra5 Nb4 32. Bxc5 Nxa2 33. Rxa2 Rxc5 34. g3 Rc7 35. Kg2 Kf7 36. Rb2 g5 37. h3 Kg6 38. Ra2 h5 39. Rb2 Rc4 40. Ra2 Rc5 41. Ra6 Kf5 42. Ra4 Rc2 43. Ra5+ Kg6 44. Ra6 Rc4 45. Rb6 h4 46. g4 Kf7 47. Ra6 Rc5 48. Rb6 f5 49. gxf5 Rxf5 50. Ra6 Rf6 51. Ra5 Kg6 52. Rb5 Rf4 53. Ra5 Rf6 1/2-1/2

[Event "World Junior U20 Girls 2018"]
[Site "Gebze"]
[Date "2018.09.07"]
[Round "3"]
[White "Kyrkjebo, Hanna B"]
[Black "Du, Yuxin"]
[Result "0-1"]
[ECO "B12"]
[WhiteElo "1947"]
[BlackElo "2146"]
[Annotator "NA"]
[PlyCount "62"]
[EventDate "2018.09.05"]
[EventType "swiss"]
[EventCountry "TUR"]
[SourceTitle "playchess.com"]
[Source "ChessBase"]
[SourceQuality "1"]
[TimeControl "40/5400+30:1800+30"]

1. e4 {Postny,E} c6 2. d4 d5 3. e5 Bf5 4. Nf3 e6 5. Be2 c5 6. Be3 Qb6 7. Nc3 Qxb2 {B12: Caro-Kann: Advance Variation} 8. Qb1 {LiveBook: 23 Games} (8. Nb5 $1 $14 Kd8 9. dxc5 Bxc2 10. Qc1 Qxc1+ 11. Rxc1) 8... Qxb1+ 9. Rxb1 c4 10. Rxb7 Nc6 11. Kd2 Bb4 12. Rb1 Ba5 13. R7b5 $146 ({Predecessor:} 13. g4 Bxg4 14. Rxf7 Bxf3 15. Rxf3 {0-1 (50) Inarkiev,E (2669)-Eljanov,P (2751) Astrakhan 2010 CBM 137 [Postny,E]}) 13... h6 14. Nh4 Bh7 15. f4 Nge7 16. Bg4 O-O 17. Bh3 h5 $11 (17... Rfb8 $19 18. Rxb8+ Rxb8 19. Rxb8+ Nxb8) 18. Rf1 Rab8 19. Rbb1 Be4 20. a3 Rxb1 21. Rxb1 Rb8 22. Rxb8+ Nxb8 23. Bf2 Nbc6 24. Nf3 Bxf3 25. gxf3 g6 26. f5 exf5 27. f4 Nc8 28. Be1 Nxd4 29. Kd1 Nf3 30. Bd2 Nxd2 31. Kxd2 d4 0-1

[Event "World Junior U20 Girls 2018"]
[Site "Gebze"]
[Date "2018.09.07"]
[Round "3"]
[White "Kyrkjebo, Marte B"]
[Black "Can, Isil"]
[Result "1/2-1/2"]
[ECO "C45"]
[WhiteElo "1935"]
[BlackElo "1798"]
[Annotator "NA"]
[PlyCount "119"]
[EventDate "2018.09.05"]
[EventType "swiss"]
[EventCountry "TUR"]
[SourceTitle "playchess.com"]
[Source "ChessBase"]
[SourceQuality "1"]
[TimeControl "40/5400+30:1800+30"]

1. e4 e5 2. Nf3 Nc6 3. d4 exd4 4. Nxd4 Bc5 5. Nb3 Bb6 6. Nc3 Nf6 7. Qe2 d6 8. Be3 Be6 9. O-O-O Qe7 10. f3 Ne5 11. Nd4 Bc4 12. Qf2 Bxf1 13. Qxf1 g6 14. Bg5 c6 15. f4 Ned7 16. e5 O-O-O 17. Nxc6 bxc6 18. exf6 Qe3+ 19. Kb1 Nc5 20. Re1 Qd4 21. Qf3 Kc7 22. Re7+ Rd7 23. Rd1 Qb4 24. f5 Nb7 25. Qh3 Rhd8 26. Qxh7 Qg4 27. Bc1 Qxf5 28. Qxf7 Rxe7 29. Qxe7+ Rd7 30. Qf8 Nd8 31. Re1 Bd4 32. Re7 Qxf6 33. Rxd7+ Kxd7 34. Qxf6 Bxf6 35. Ne4 Be5 36. h3 Ne6 37. Be3 a6 38. g4 Nf4 39. Nf2 d5 40. Nd3 Nxd3 41. cxd3 Bf6 42. Kc2 Kd6 43. d4 g5 44. Kb3 Kc7 45. Kb4 Kb6 46. Ka4 Be7 47. b4 Bf6 48. Kb3 Be7 49. a4 Bf6 50. Kc2 Be7 51. Bd2 Kc7 52. Kd3 Kd7 53. Ke3 Ke6 54. Kf3 Kf6 55. Kg2 Kg6 56. Be1 Bf6 57. Bf2 Be7 58. Be1 Bf6 59. Bf2 Be7 60. Be1 1/2-1/2

[Event "World Junior U20 Girls 2018"]
[Site "Gebze"]
[Date "2018.09.07"]
[Round "3"]
[White "Tian, Shi Yuan"]
[Black "Yorgun, Yaren Naz"]
[Result "0-1"]
[ECO "D36"]
[WhiteElo "1923"]
[BlackElo "1751"]
[Annotator "NA"]
[PlyCount "106"]
[EventDate "2018.09.05"]
[EventType "swiss"]
[EventCountry "TUR"]
[SourceTitle "playchess.com"]
[Source "ChessBase"]
[SourceQuality "1"]
[TimeControl "40/5400+30:1800+30"]

1. d4 d5 2. c4 e6 3. Nc3 Nf6 4. cxd5 exd5 5. Bg5 Nbd7 6. e3 $14 c6 7. Bd3 Be7 8. Qc2 O-O 9. Nge2 Re8 10. O-O Nf8 11. Rae1 Nh5 12. Bxe7 Qxe7 13. Bf5 Bxf5 14. Qxf5 Nf6 15. Qc2 Ne6 16. f3 c5 17. Qd2 Rad8 18. Ng3 cxd4 19. Nf5 Qb4 20. Nxd4 Nxd4 21. Qxd4 Qxd4 22. exd4 Kf8 23. Kf2 Ng8 24. Rxe8+ Kxe8 25. Re1+ Ne7 26. Re5 f6 27. Re2 Kf7 28. Ke3 Nc6 29. Kd3 Nb4+ 30. Kd2 Nc6 31. Re3 Nxd4 32. Rd3 Nc6 33. Rxd5 Rxd5+ 34. Nxd5 Ke6 35. Nc7+ Kd7 36. Nb5 a6 37. Nc3 Ne5 38. b3 Kd6 39. Ne4+ Kd5 40. Ng3 Ke6 41. Ke3 Nc6 42. Ne2 Nb4 43. a4 Ke5 44. f4+ Kd5 45. Nc3+ Kd6 46. g3 Nd5+ 47. Nxd5 Kxd5 48. f5 Ke5 49. g4 h5 50. Kf3 hxg4+ 51. Kxg4 a5 52. Kh5 Kxf5 53. h4 g5 0-1

[Event "World Junior U20 Girls 2018"]
[Site "Gebze"]
[Date "2018.09.07"]
[Round "3"]
[White "Salah, Nadezhda"]
[Black "Beydullayeva, Govhar"]
[Result "1-0"]
[ECO "A40"]
[WhiteElo "1918"]
[BlackElo "2202"]
[Annotator "NA"]
[PlyCount "109"]
[EventDate "2018.09.05"]
[EventType "swiss"]
[EventCountry "TUR"]
[SourceTitle "playchess.com"]
[Source "ChessBase"]
[SourceQuality "1"]
[TimeControl "40/5400+30:1800+30"]

1. d4 e6 2. c4 b6 3. e4 Bb7 4. Bd3 Bb4+ 5. Kf1 Be7 6. Nc3 d5 7. cxd5 exd5 8. e5 c5 9. Qg4 g6 10. Qf3 $11 (10. Nf3 $16) 10... cxd4 11. Bb5+ Kf8 12. Nce2 Bc5 13. b4 Bxb4 14. Nxd4 Qe7 15. Bb2 a6 16. Bd3 Nd7 17. Qg3 Nc5 18. Nge2 Ne4 19. Bxe4 dxe4 20. h4 h5 21. Nf4 Nh6 22. Nxg6+ fxg6 23. Qxg6 Bd5 24. e6 Qg7 25. Qxg7+ Kxg7 26. Nc2+ Kg6 27. Bxh8 Bc4+ 28. Kg1 Bc5 29. Bd4 Bxe6 30. Bxc5 bxc5 31. Kh2 Rf8 32. Rhf1 Bc4 33. Rfc1 Rxf2 34. Ne3 Bd3 35. Rxc5 Re2 36. Rg5+ Kh7 37. Nd5 Ng4+ 38. Kg3 Kh6 39. Rc1 Rc2 40. Rxc2 Bxc2 41. Nf4 Ne3 42. Nxh5 Bd3 43. Nf4 Bc4 44. a4 Nf1+ 45. Kg4 Ne3+ 46. Kg3 Nf1+ 47. Kf2 e3+ 48. Kf3 Bb3 49. Rg6+ Kh7 50. Rxa6 Bd1+ 51. Ne2 Bb3 52. Ra7+ Kg6 53. Nf4+ Kf5 54. Ra5+ Kf6 55. Nd5+ 1-0

[Event "World Junior U20 Girls 2018"]
[Site "Gebze"]
[Date "2018.09.07"]
[Round "3"]
[White "Ince, Safiye Oyku"]
[Black "Lingur, Zalina"]
[Result "0-1"]
[ECO "B92"]
[WhiteElo "1905"]
[BlackElo "2061"]
[Annotator "NA"]
[PlyCount "82"]
[EventDate "2018.09.05"]
[EventType "swiss"]
[EventCountry "TUR"]
[SourceTitle "playchess.com"]
[Source "ChessBase"]
[SourceQuality "1"]
[TimeControl "40/5400+30:1800+30"]

1. e4 c5 2. Nf3 d6 3. d4 cxd4 4. Nxd4 Nf6 5. Nc3 a6 6. a4 e5 7. Nb3 Be6 8. Be2 Be7 9. O-O O-O 10. f4 exf4 11. Bxf4 Nc6 12. Kh1 Ne5 13. Nd4 $11 {[%emt 0:22:30] LiveBook: 5 Games} Qc7 14. Qe1 Ng6 15. Bg5 Qc5 16. Qd2 Ne5 17. Nf5 Bxf5 18. Rxf5 Qc6 19. Bxf6 Bxf6 20. Rxf6 gxf6 21. Qh6 Rfe8 22. Nd5 Re6 23. Nxf6+ Rxf6 24. Qxf6 Qxc2 25. Qxd6 Qxb2 26. Re1 Rc8 27. Bh5 Qf2 28. Rd1 Ng6 29. Qd7 Rc2 30. Qg4 Kg7 31. h3 b5 32. axb5 axb5 33. e5 b4 34. e6 fxe6 35. Rd7+ Kf6 36. Bxg6 hxg6 37. Rd3 Qf1+ 38. Kh2 Qxd3 39. Qf4+ Qf5 40. Qh4+ Kg7 41. Qd4+ e5 0-1

[Event "World Junior U20 Girls 2018"]
[Site "Gebze"]
[Date "2018.09.07"]
[Round "3"]
[White "Koljevic, Nikolina"]
[Black "Rousseau, Christilla"]
[Result "1-0"]
[ECO "C14"]
[WhiteElo "1898"]
[BlackElo "1677"]
[Annotator "NA"]
[PlyCount "95"]
[EventDate "2018.09.05"]
[EventType "swiss"]
[EventCountry "TUR"]
[SourceTitle "playchess.com"]
[Source "ChessBase"]
[SourceQuality "1"]
[TimeControl "40/5400+30:1800+30"]

1. e4 e6 2. d4 d5 3. Nc3 Nf6 4. Bg5 Be7 5. e5 Nfd7 6. Bxe7 Qxe7 7. f4 a6 8. Nf3 c5 9. Qd2 Nc6 10. dxc5 Qxc5 11. Bd3 b5 $11 12. a3 Bb7 13. Qf2 Qxf2+ 14. Kxf2 Rc8 15. Ne2 O-O 16. Ned4 Nxd4 17. Nxd4 Nc5 18. Rac1 Rc7 19. Ke3 Rfc8 20. Kd2 Nxd3 21. cxd3 Kf8 22. Rxc7 Rxc7 23. Rc1 Rxc1 24. Kxc1 Ke7 25. Kd2 f6 26. Kc3 fxe5 27. fxe5 Kf7 28. Kb4 Kg6 29. Kc5 Kg5 30. Kb6 Bc8 31. Kc7 Kf4 32. Kxc8 Kxe5 33. Ne2 d4 34. Kd7 g5 35. g4 Kd5 36. b4 e5 37. Ng3 e4 38. Nxe4 Ke5 39. Nxg5 Kf4 40. Nxh7 Ke3 41. g5 Kxd3 42. g6 Ke2 43. g7 d3 44. g8=Q d2 45. Qg4+ Ke1 46. Qe4+ Kd1 47. Ng5 Kc1 48. Qd3 1-0

[Event "World Junior U20 Girls 2018"]
[Site "Gebze"]
[Date "2018.09.07"]
[Round "3"]
[White "Bail, Ellen Larissa"]
[Black "Anandpara Jayendra Saloni"]
[Result "1-0"]
[ECO "E65"]
[WhiteElo "1832"]
[BlackElo "1326"]
[Annotator "NA"]
[PlyCount "99"]
[EventDate "2018.09.05"]
[EventType "swiss"]
[EventCountry "TUR"]
[SourceTitle "playchess.com"]
[Source "ChessBase"]
[SourceQuality "1"]
[TimeControl "40/5400+30:1800+30"]

1. Nf3 Nf6 2. c4 g6 3. b3 Bg7 4. Bb2 O-O 5. g3 d6 6. d4 c5 7. Bg2 Qc7 8. O-O cxd4 9. Nxd4 Nc6 10. Nc3 a6 11. Rc1 Nxd4 12. Qxd4 e5 13. Nd5 Nxd5 14. Qxd5 Rb8 15. Rfd1 Rd8 16. Ba3 Bf8 17. Bb4 Be6 18. Qd2 b6 19. Bd5 Qe7 20. Rc2 Bxd5 21. cxd5 f5 22. Rdc1 Qe8 23. Rc6 Qd7 24. Rc7 Qe8 25. R1c6 Rbc8 26. Rxc8 Rxc8 27. Rxb6 Qd8 28. Rxa6 Ra8 29. Rxa8 Qxa8 30. a3 Kf7 31. Qd3 Qc8 32. Qc4 Qxc4 33. bxc4 Be7 34. Kf1 e4 35. Ke1 Ke8 36. Kd2 Kd7 37. f3 Bg5+ 38. Kc2 Be3 39. fxe4 fxe4 40. g4 h5 41. h3 Kc7 42. Kb3 Bf4 43. c5 dxc5 44. Bxc5 Bd6 45. Kc4 Be5 46. a4 hxg4 47. hxg4 Kd7 48. a5 Bb8 49. Kd4 Bc7 50. a6 1-0

[Event "World Junior U20 Girls 2018"]
[Site "Gebze"]
[Date "2018.09.07"]
[Round "3"]
[White "Duran, Esma Doga"]
[Black "Auvray, Honorine"]
[Result "1/2-1/2"]
[ECO "B06"]
[WhiteElo "1825"]
[BlackElo "2050"]
[Annotator "NA"]
[PlyCount "95"]
[EventDate "2018.09.05"]
[EventType "swiss"]
[EventCountry "TUR"]
[SourceTitle "playchess.com"]
[Source "ChessBase"]
[SourceQuality "1"]
[TimeControl "40/5400+30:1800+30"]

1. d4 g6 2. e4 Bg7 3. Nc3 d6 4. h3 a6 5. a4 Nc6 6. Nf3 Nf6 7. d5 Nb8 8. Be3 O-O 9. Be2 e5 10. Qd2 Ne8 11. g4 c5 12. Bd3 Qa5 13. Ne2 Qc7 14. c4 Qe7 15. Nc3 b6 16. O-O-O Bd7 17. Qe2 Nc7 18. Kc2 Rc8 19. Ra1 Qe8 20. Nd2 Ra7 21. h4 Rb7 22. h5 b5 23. a5 Qe7 24. hxg6 fxg6 25. Raf1 Rf8 26. f4 exf4 27. Bxf4 g5 28. Bg3 Rxf1 29. Nxf1 bxc4 30. Bxc4 Bb5 31. Nd2 h6 32. Rf1 Ne8 33. Nxb5 axb5 34. Bxb5 Nc7 35. Bc4 Rxb2+ 36. Kc1 Bc3 37. Qd3 Qg7 38. Nf3 Ne8 39. e5 Rg2 40. Qxc3 Rxg3 41. Qb2 Rxg4 42. Nd2 Nd7 43. e6 Ne5 44. Qb5 Nc7 45. Qb8+ Kh7 46. Rf7 Rxc4+ 47. Nxc4 Nxf7 48. Qxc7 1/2-1/2

[Event "World Junior U20 Girls 2018"]
[Site "Gebze"]
[Date "2018.09.07"]
[Round "3"]
[White "Caxita, Esperanca"]
[Black "Heydarova, Aytaj"]
[Result "0-1"]
[ECO "B72"]
[WhiteElo "1803"]
[BlackElo "1948"]
[Annotator "NA"]
[PlyCount "62"]
[EventDate "2018.09.05"]
[EventType "swiss"]
[EventCountry "TUR"]
[SourceTitle "playchess.com"]
[Source "ChessBase"]
[SourceQuality "1"]
[TimeControl "40/5400+30:1800+30"]

1. e4 c5 2. Nf3 d6 3. Nc3 Nf6 4. d4 cxd4 5. Nxd4 g6 6. Be2 Bg7 7. Be3 Nc6 8. Qd2 O-O 9. O-O-O Nxd4 10. Bxd4 Be6 11. h4 Qa5 12. Qg5 Qc7 13. h5 Rac8 14. Qd2 Nxe4 15. Nxe4 Bxd4 16. Kb1 Bg7 17. hxg6 hxg6 18. Bd3 Qb6 19. Qc1 Qa5 20. a3 Rc6 21. Qg5 Qb6 22. c3 d5 23. Qh4 Rfc8 24. Ng5 Rxc3 25. Qb4 Qxb4 26. axb4 Rb3 27. Rd2 Bd7 28. b5 Bxb5 29. Bxb5 Rxb5 30. Rh3 Rc4 31. Ra3 Bh6 0-1

[Event "World Junior U20 Girls 2018"]
[Site "Gebze"]
[Date "2018.09.07"]
[Round "3"]
[White "Anacoglu, Cisel"]
[Black "Koo, Wei Xin Rosamund"]
[Result "1-0"]
[ECO "B27"]
[WhiteElo "1791"]
[BlackElo "1918"]
[Annotator "NA"]
[PlyCount "87"]
[EventDate "2018.09.05"]
[EventType "swiss"]
[EventCountry "TUR"]
[SourceTitle "playchess.com"]
[Source "ChessBase"]
[SourceQuality "1"]
[TimeControl "40/5400+30:1800+30"]

1. e4 c5 2. Nf3 g6 3. d4 cxd4 4. Qxd4 Nf6 $11 5. Nc3 {LiveBook: 313 Games} Nc6 6. Qa4 d6 7. e5 dxe5 8. Nxe5 Qd4 9. Nxc6 Qxa4 10. Nxa4 bxc6 11. b3 Bf5 12. Bb2 Bg7 13. O-O-O O-O 14. Bd3 Bxd3 15. Rxd3 Bh6+ 16. Kb1 Ne4 17. Re1 Nxf2 18. Rf3 Ng4 19. h3 Nf6 20. Ba3 Rfe8 21. Rxe7 Nd5 22. Rxe8+ Rxe8 23. c4 Re1+ 24. Kc2 Ne3+ 25. Kd3 Nxg2 26. Bc5 Re6 27. Rf2 Nf4+ 28. Kc2 a6 29. Rd2 Re2 30. Bb4 Rxd2+ 31. Bxd2 g5 32. Bxf4 gxf4 33. Nc5 f3 34. Kd3 Kg7 35. Nxa6 Kg6 36. Nb8 Kh5 37. Nxc6 Kh4 38. Ne5 Kg3 39. Nxf3 Kxf3 40. c5 Bf8 41. c6 Bd6 42. a4 Bc7 43. b4 f5 44. a5 1-0

[Event "World Junior U20 Girls 2018"]
[Site "Gebze"]
[Date "2018.09.07"]
[Round "3"]
[White "De Silva, Tenara"]
[Black "Gomez Barrera, Javiera Belen"]
[Result "1-0"]
[ECO "C45"]
[WhiteElo "1764"]
[BlackElo "2035"]
[Annotator "NA"]
[PlyCount "103"]
[EventDate "2018.09.05"]
[EventType "swiss"]
[EventCountry "TUR"]
[SourceTitle "playchess.com"]
[Source "ChessBase"]
[SourceQuality "1"]
[TimeControl "40/5400+30:1800+30"]

1. e4 e5 2. Nf3 Nc6 3. d4 exd4 4. Nxd4 Bc5 $14 5. Nb3 Bb6 6. Nc3 Nf6 7. Bg5 a5 8. Bb5 h6 9. Bh4 O-O 10. f3 g5 11. Bf2 Bxf2+ 12. Kxf2 Ne5 13. Qd4 d6 14. Be2 a4 15. Nd2 Be6 16. Nf1 c5 17. Qd2 d5 18. exd5 Nxd5 19. Nxd5 Qxd5 20. Qxd5 Bxd5 21. Ne3 Be6 22. h4 Kg7 23. hxg5 hxg5 24. Rh5 Kf6 25. a3 Rh8 26. Rxh8 Rxh8 27. Rd1 Rc8 28. Bb5 Ra8 29. Nd5+ Bxd5 30. Rxd5 Ra5 31. Rd6+ Ke7 32. Rb6 Ra7 33. Ke3 Ng6 34. Ke4 Nf4 35. g4 Ne6 36. Bc4 Nd4 37. c3 Nc6 38. Bd5 Kd6 39. Rb5 f6 40. c4 Nd8 41. Kf5 Ke7 42. Rxc5 b6 43. Rb5 Ra6 44. Kg6 Ne6 45. Bxe6 Kxe6 46. Rf5 Ra8 47. Rxf6+ Ke5 48. Kxg5 Rg8+ 49. Rg6 Rf8 50. f4+ Ke4 51. Rxb6 Rxf4 52. Rf6 1-0

[Event "World Junior U20 Girls 2018"]
[Site "Gebze"]
[Date "2018.09.07"]
[Round "3"]
[White "Huttl, Sofie"]
[Black "Doroy Allaney Jia G"]
[Result "0-1"]
[ECO "C50"]
[WhiteElo "1727"]
[BlackElo "1914"]
[Annotator "NA"]
[PlyCount "92"]
[EventDate "2018.09.05"]
[EventType "swiss"]
[EventCountry "TUR"]
[SourceTitle "playchess.com"]
[Source "ChessBase"]
[SourceQuality "1"]
[TimeControl "40/5400+30:1800+30"]

1. e4 e5 2. Nf3 Nf6 3. Nc3 Nc6 4. Bc4 Bc5 5. d3 h6 6. O-O O-O 7. h3 d6 8. Be3 Bb6 9. Bxb6 axb6 10. d4 exd4 11. Nxd4 Bd7 12. Bb5 $11 Qe8 13. Nxc6 bxc6 14. Bd3 b5 15. Qf3 b4 16. Ne2 Qe5 17. Rfb1 c5 18. Qf4 Be6 19. Qxe5 dxe5 20. b3 Ne8 21. c3 Nd6 22. cxb4 cxb4 23. Rc1 Ra7 24. f3 Rfa8 25. Rc2 Bxb3 26. Rb2 Bxa2 27. Rxb4 Ra3 28. Bb1 Be6 29. Rxa3 Rxa3 30. Kf2 c5 31. Rb6 Nc4 32. Rb5 Ra5 33. Rxa5 Nxa5 34. Ke3 Kf8 35. Kd2 Ke7 36. Nc3 Kd6 37. Nb5+ Kc6 38. Nc3 c4 39. Nd1 Kc5 40. Kc3 Nc6 41. Ne3 Nd4 42. Ba2 Nb5+ 43. Kc2 Kd4 44. Nd1 f5 45. Nb2 fxe4 46. fxe4 Nc3 0-1

[Event "World Junior U20 Girls 2018"]
[Site "Gebze"]
[Date "2018.09.07"]
[Round "3"]
[White "Incecik, Seyma Zeynep"]
[Black "Meenal Gupta"]
[Result "0-1"]
[ECO "A30"]
[WhiteElo "1716"]
[BlackElo "1963"]
[Annotator "NA"]
[PlyCount "146"]
[EventDate "2018.09.05"]
[EventType "swiss"]
[EventCountry "TUR"]
[SourceTitle "playchess.com"]
[Source "ChessBase"]
[SourceQuality "1"]
[TimeControl "40/5400+30:1800+30"]

1. b3 c5 2. Bb2 b6 3. Nf3 Bb7 4. e3 e6 5. Be2 Nf6 6. O-O Be7 7. c4 O-O 8. d4 cxd4 9. Nxd4 a6 10. Nc3 d6 11. Bf3 Qc7 12. Bxb7 Qxb7 13. Qf3 Qxf3 14. Nxf3 Nbd7 15. Ba3 Rfc8 16. Rac1 Rab8 17. Rfd1 Nc5 18. Nd4 Kf8 19. Kf1 Ng4 20. h3 Nf6 21. Ke2 Nfe4 22. Nxe4 Nxe4 23. Kf1 Ke8 24. Ne2 Rb7 25. Nf4 Rbc7 26. Nd3 b5 27. cxb5 axb5 28. Bb2 f6 29. Rxc7 Rxc7 30. Rc1 Ra7 31. Ra1 d5 32. Ke2 b4 33. f3 Ng5 34. Bd4 Ra5 35. Bb6 Rb5 36. Bd4 e5 37. Bb2 Ne6 38. Rd1 g5 39. Rd2 h5 40. g4 h4 41. Ne1 Ra5 42. Ba1 Nc5 43. Ng2 Kf7 44. f4 Ke6 45. f5+ Kf7 46. Rc2 Nxb3 47. axb3 Rxa1 48. Rd2 Rb1 49. Rxd5 Rxb3 50. Rd3 Ra3 51. Rxa3 bxa3 52. Ne1 a2 53. Nc2 Ba3 54. Kd3 Bb2 55. Kc4 a1=Q 56. Nxa1 Bxa1 57. Kb3 Ke7 58. Kc4 Kd6 59. e4 Kc6 60. Kd3 Kc5 61. Ke3 Kc4 62. Kf3 Kd3 63. Kg2 Kxe4 64. Kf2 Kd3 65. Kf3 e4+ 66. Kf2 e3+ 67. Kf1 e2+ 68. Kg2 e1=Q 69. Kh2 Be5+ 70. Kg2 Qe2+ 71. Kg1 Bd4+ 72. Kh1 Qf1+ 73. Kh2 Be5# 0-1

[Event "World Junior U20 Girls 2018"]
[Site "Gebze"]
[Date "2018.09.07"]
[Round "3"]
[White "Esti, Kubra Selenay"]
[Black "Malatsilava, Volha"]
[Result "0-1"]
[ECO "C13"]
[WhiteElo "1662"]
[BlackElo "2040"]
[Annotator "NA"]
[PlyCount "89"]
[EventDate "2018.09.05"]
[EventType "swiss"]
[EventCountry "TUR"]
[SourceTitle "playchess.com"]
[Source "ChessBase"]
[SourceQuality "1"]
[TimeControl "40/5400+30:1800+30"]

1. d4 Nf6 2. Nc3 d5 3. Bg5 e6 4. e4 dxe4 5. Nxe4 Be7 6. Nxf6+ Bxf6 7. Bxf6 Qxf6 8. Nf3 O-O 9. Bd3 c5 10. c3 cxd4 11. Nxd4 e5 12. Ne2 Nc6 13. Qc2 Qh6 14. O-O f5 15. f4 e4 16. Bc4+ Be6 17. Qb3 Bxc4 18. Qxc4+ Kh8 19. Rad1 Rad8 20. Qb5 Qf6 21. Ng3 g6 22. Qxb7 Rd3 23. Qa6 Rfd8 24. Rde1 Qd6 25. Ne2 Qc5+ 26. Kh1 Rd2 27. b4 Qd5 28. b5 Nb8 29. Qxa7 Qxb5 30. Nd4 Qd5 31. Qb6 Rf8 32. Qb4 Re8 33. Qb3 Qd7 34. Re3 Na6 35. a4 Rb8 36. Qc4 Nc7 37. Rfe1 Nd5 38. R3e2 e3 39. Nb5 Rc8 40. Qb3 Nxf4 41. Rxe3 Qb7 42. Re8+ Rxe8 43. Rxe8+ Kg7 44. Qg8+ Kh6 45. Qf8+ 0-1

[Event "World Junior U20 Girls 2018"]
[Site "Gebze"]
[Date "2018.09.07"]
[Round "4"]
[White "Tsolakidou, Stavroula"]
[Black "Ghukasyan, Siranush"]
[Result "1-0"]
[ECO "E06"]
[WhiteElo "2393"]
[BlackElo "2205"]
[Annotator "NA"]
[PlyCount "61"]
[EventDate "2018.09.05"]
[EventType "swiss"]
[EventCountry "TUR"]
[SourceTitle "playchess.com"]
[Source "ChessBase"]
[SourceQuality "1"]
[TimeControl "40/5400+30:1800+30"]

1. d4 d5 2. c4 e6 3. Nf3 Nf6 4. g3 Bb4+ 5. Bd2 Be7 6. Bg2 O-O 7. O-O {[%emt 0:00:00] LiveBook: 3286 Partien} c6 8. Qc2 b6 9. Bf4 Bb7 10. Nbd2 dxc4 $146 {[%emt 0:05:30] E06: Closed Catalan: Early deviations} ({Predecessor:} 10... Nh5 11. Be5 Nd7 12. cxd5 cxd5 13. Bc7 Qe8 14. Rfc1 Rc8 15. Qd1 Nc5 16. Be5 Nd7 17. e3 Nhf6 18. Bf1 Nxe5 19. Nxe5 {1-0 (57) Istratescu,A (2645)-Hammer,J (2610) Eretria 2011}) 11. Nxc4 Nd5 12. Bd2 c5 13. dxc5 Bxc5 14. Ng5 g6 15. Qe4 Qe7 16. Qh4 f6 17. Ne4 Nd7 18. Nxc5 $14 Nxc5 19. e4 Nc7 20. Bh6 Rf7 21. Rfd1 Rd8 22. e5 g5 23. Qg4 Bxg2 24. Kxg2 f5 25. Qh5 Rxd1 26. Rxd1 Ne8 27. Bxg5 Qb7+ 28. Kg1 Ne4 29. Rd8 Qc6 30. Nd6 N4xd6 31. exd6 1-0